 Dungeon Crawl Stone Soup version 0.31-a0-117-g42d8f58691 (webtiles) character file.

Game seed: 6882045740031502486

347 mandoloar the Digger (level 6, -3/44 HPs)
             Began as a Gnoll Earth Elementalist on May 30, 2023.
             Was an Initiate of the Shining One.
             Killed by divine providence
             ... invoked by an orc priest
              (14 damage)
             ... on level 4 of the Dungeon.
             The game lasted 00:10:32 (3778 turns).

mandoloar the Digger (Gnoll Earth Elementalist)     Turns: 3778, Time: 00:10:33

Health: -3/44      AC:  3    Str:  8    XL:     6   Next: 59%
Magic:  15/23      EV: 13    Int: 16    God:    the Shining One [......]
Gold:   215        SH:  0    Dex: 12    Spells: 11/15 levels left

rFire   . . .        a - +0 short sword
rCold   . . .        (no shield)
rNeg    . . .        d - +0 robe
rPois   .            (no helmet)
rElec   .            (no cloak)
rCorr   .            (no gloves)
SInv    .            c - +0 pair of boots
Will    .....        (no amulet)
Stlth   +            u - ring of magical power
HPRegen 0.27/turn    t - ring of wizardry
MPRegen 0.18/turn

%: wizardry (x1)
@: glowing
A: fangs 1, strong nose, distributed training
a: Renounce Religion


You were on level 4 of the Dungeon.
You worshipped the Shining One.
The Shining One was noncommittal.
You visited 1 branch of the dungeon, and saw 4 of its levels.

You collected 215 gold pieces.

Inventory:

Hand Weapons
 a - a +0 short sword (weapon)
Missiles
 k - 2 poisoned darts
 l - 14 stones
 y - 5 curare-tipped darts
Armour
 c - a +0 pair of boots (worn)
 d - a +0 robe (worn)
Jewellery
 p - a +4 ring of slaying
 t - a ring of wizardry (right hand)
 u - a ring of magical power (left hand)
Scrolls
 e - 3 scrolls of poison {unknown}
 g - 4 scrolls of teleportation {unknown}
 h - a scroll of fear {unknown}
 i - a scroll of fog {unknown}
 j - 2 scrolls of enchant weapon {unknown}
 m - a scroll of summoning {unknown}
 n - 2 scrolls of identify {unknown}
 o - a scroll of torment {unknown}
 q - a scroll of magic mapping {unknown}
 v - a scroll of enchant armour {unknown}
 w - a scroll of amnesia {unknown}
 x - a scroll of vulnerability {unknown}
Potions
 b - 2 potions of magic
 f - 2 potions of mutation {unknown}
 r - a potion of degeneration {unknown}
 s - a potion of invisibility {unknown}
 z - 2 potions of attraction {unknown}


   Skills:
 + Level 2.1 Fighting
 + Level 2.1 Short Blades
 + Level 2.1 Long Blades
 + Level 2.1 Axes
 + Level 2.1 Maces & Flails
 + Level 2.1 Polearms
 + Level 2.1 Staves
 + Level 2.1 Ranged Weapons
 + Level 2.1 Throwing
 + Level 2.1 Armour
 + Level 5.0 Dodging
 + Level 4.7 Stealth
 + Level 2.1 Shields
 + Level 2.1 Unarmed Combat
 + Level 5.4 Spellcasting
 + Level 1.6 Conjurations
 + Level 1.6 Hexes
 + Level 1.6 Summonings
 + Level 1.6 Necromancy
 + Level 1.6 Translocations
 + Level 2.7 Transmutations
 + Level 1.6 Fire Magic
 + Level 1.6 Ice Magic
 + Level 1.6 Air Magic
 + Level 5.7 Earth Magic
 + Level 1.6 Poison Magic
 + Level 2.3 Invocations
 + Level 2.1 Evocations


You had 11 spell levels left.
You knew the following spells:

 Your Spells              Type           Power      Damage    Failure   Level
a - Sandblast             Erth           44%        2d11      1%          1
b - Stone Arrow           Conj/Erth      32%        3d9       4%          3

Your spell library contained the following spells:

 Spells                   Type           Power      Damage    Failure   Level
 Passwall                 Tmut/Erth      14%        N/A       1%          2
 Gell's Gravitas          Tloc           9%         N/A       9%          3
 Teleport Other           Tloc           9%         N/A       9%          3
 Petrify                  Tmut/Erth      17%        N/A       11%         4
 Iskenderun's Battlesphe  Conj           9%         2d6       58%         5
 Leda's Unmaking          Conj/Erth      8%         9d2       86%         6
 Dispersal                Tloc           4%         N/A       98%         6
 Spellforged Servitor     Conj/Summ      4%         N/A       100%        7


Dungeon Overview and Level Annotations

Branches:
Dungeon (4/15)
 Temple: D:4-7

Altars:
Elyvilon
Kikubaaqudgha
Okawaru
Sif Muna
Vehumet
The Shining One

Annotations:
D:3 2 transporters


Innate Abilities, Weirdness & Mutations

You have very sharp teeth.
Your uncanny sense of smell can sniff out nearby items.
Your experience applies equally to all skills.


Message History

Press: ? - help, Shift-Dir - straight line, f/p - orc
Aim: an orc, wielding a +0 short sword and wearing a +0 chain mail (87% to hit)
The blast of sand hits the orc but does no damage.
The orc hits you with a +0 short sword.
The orc suddenly curses, as Orcs often do.
The orc hits you with a +0 short sword.
Casting: Sandblast (safe; 1% risk of failure)
Confirm with . or Enter, or press ? or * to list all spells.
Aiming: Sandblast (safe; 1% risk of failure)
Press: ? - help, Shift-Dir - straight line, f/p - orc
Aim: an orc, wielding a +0 short sword and wearing a +0 chain mail (87% to hit)
The blast of sand hits the orc but does no damage.
The orc barely misses you.
Casting: Sandblast (safe; 1% risk of failure)
Confirm with . or Enter, or press ? or * to list all spells.
Aiming: Sandblast (safe; 1% risk of failure)
Press: ? - help, Shift-Dir - straight line, f/p - orc
Aim: an orc, wielding a +0 short sword and wearing a +0 chain mail (87% to hit)
The blast of sand hits the orc but does no damage.
The orc hits you with a +0 short sword.
* * * LOW HITPOINT WARNING * * *
The orc hits you with a +0 short sword.
* * * LOW HITPOINT WARNING * * *
Casting: Sandblast (safe; 1% risk of failure)
Confirm with . or Enter, or press ? or * to list all spells.
Aiming: Sandblast (safe; 1% risk of failure)
Press: ? - help, Shift-Dir - straight line, f/p - orc
Aim: an orc, wielding a +0 short sword and wearing a +0 chain mail (87% to hit)
The blast of sand hits the orc!
You kill the orc!
Casting: Sandblast (safe; 1% risk of failure)
Confirm with . or Enter, or press ? or * to list all spells.
Aiming: Sandblast (safe; 1% risk of failure)
Press: ? - help, Shift-Dir - straight line, f - orc
Aim: an orc, wielding a +0 short sword and wearing a +0 leather armour (83% to hit)
The blast of sand hits the orc!
You kill the orc!
The orc priest mumbles some strange prayers to Beogh against you.
Beogh smites you!
You die...

........... #.....# #.
...........# ###.....#### #.
...........# #..........# #.
...........###...)......# #.
.............#..........# ###.
.......o##...#..........# ###...
...o.....#...######.#######...#.
..####..#...######...........#.
............).o@..............+.
...####.#..########)......#...#.
#.#...........#####.#...##
#.#..........)###.#.#...#
#.#...............#.#...#
###.#...............#.#...#
#.....................#...##
#......###.####............#
#..........................#


You could see an orc priest.

Vanquished Creatures
  Blork the orc (D:4)
  A sleepcap (D:3)
  4 iguanas (D:4)
  3 gnolls (D:4)
  2 adders
  A shadow imp (D:3)
  3 worms
  A dart slug (D:3)
  6 orcs
  10 ball pythons
  10 endoplasms
  3 giant cockroaches
  6 goblins
  5 hobgoblins
  6 jackals
  5 quokkas
  6 bats
  3 frilled lizards
  3 kobolds
  4 rats
83 creatures vanquished.

Notes
Turn   | Place    | Note
-------+----------+-------------------------------------------
     0 | D:1      | mandoloar the Gnoll Earth Elementalist began the quest for
                  | the Orb.
     0 | D:1      | Reached XP level 1. HP: 13/13 MP: 6/6
   264 | D:1      | Reached XP level 2. HP: 19/19 MP: 4/7
   773 | D:1      | Reached skill level 5 in Spellcasting
   773 | D:1      | Reached XP level 3. HP: 25/25 MP: 6/9
   777 | D:1      | Learned a level 3 spell: Stone Arrow
  1320 | D:2      | Reached skill level 1 in Invocations
  1324 | D:2      | Reached skill level 1 in Fighting
  1324 | D:2      | Reached skill level 1 in Short Blades
  1324 | D:2      | Reached skill level 1 in Long Blades
  1324 | D:2      | Reached skill level 1 in Axes
  1324 | D:2      | Reached skill level 1 in Maces & Flails
  1324 | D:2      | Reached skill level 1 in Polearms
  1324 | D:2      | Reached skill level 1 in Staves
  1324 | D:2      | Reached skill level 1 in Ranged Weapons
  1324 | D:2      | Reached skill level 1 in Throwing
  1324 | D:2      | Reached skill level 1 in Armour
  1324 | D:2      | Reached skill level 1 in Shields
  1324 | D:2      | Reached skill level 1 in Unarmed Combat
  1324 | D:2      | Reached skill level 1 in Evocations
  1564 | D:2      | Reached XP level 4. HP: 32/32 MP: 9/11
  2183 | D:3      | Reached skill level 1 in Conjurations
  2183 | D:3      | Reached skill level 1 in Hexes
  2183 | D:3      | Reached skill level 1 in Summonings
  2183 | D:3      | Reached skill level 1 in Necromancy
  2183 | D:3      | Reached skill level 1 in Translocations
  2183 | D:3      | Reached skill level 1 in Fire Magic
  2183 | D:3      | Reached skill level 1 in Ice Magic
  2183 | D:3      | Reached skill level 1 in Air Magic
  2183 | D:3      | Reached skill level 1 in Poison Magic
  2310 | D:3      | Found a transporter.
  2314 | D:3      | Noticed a kobold demonologist
  2390 | D:3      | Found a transporter.
  2617 | D:3      | Reached XP level 5. HP: 20/37 MP: 12/12
  3444 | D:4      | Noticed Blork the orc
  3458 | D:4      | Killed Blork the orc
  3459 | D:4      | Reached skill level 5 in Dodging
  3459 | D:4      | Reached XP level 6. HP: 44/44 MP: 14/14
  3600 | D:4      | Found an ancient bone altar of Kikubaaqudgha.
  3600 | D:4      | Found a white marble altar of Elyvilon.
  3606 | D:4      | Found a glowing golden altar of the Shining One.
  3609 | D:4      | Found an iron altar of Okawaru.
  3611 | D:4      | Became a worshipper of the Shining One
  3614 | D:4      | Found a radiant altar of Vehumet.
  3617 | D:4      | Found a shimmering blue altar of Sif Muna.
  3778 | D:4      | Killed from afar by an orc priest

Illustrated notes

Levels and vault maps discovered:
D:1:      heliophobic_arrival_dark_side_of_the_moon, layout_loops_ring,
          palyth_stone_intersect
D:2:      minmay_diamond_boxcup, layout_rooms
D:3:      gammafunk_wand_slinger, layout_loops_ring, minmay_pentangle
D:4:      layout_basic, nicolae_overflow_hallway_of_the_gods, uniq_blork_the_orc

Skill      XL: |  1  2  3  4  5 |
---------------+----------------+-----
Transmutations | 2 |  2.7
Spellcasting   | 5 |  5.4
Invocations    | 1 2 |  2.3
Fighting       | 1 2 |  2.1
Short Blades   | 1 2 |  2.1
Long Blades    | 1 2 |  2.1
Axes           | 1 2 |  2.1
Maces & Flails | 1 2 |  2.1
Polearms       | 1 2 |  2.1
Staves         | 1 2 |  2.1
Ranged Weapons | 1 2 |  2.1
Throwing       | 1 2 |  2.1
Armour         | 1 2 |  2.1
Shields        | 1 2 |  2.1
Unarmed Combat | 1 2 |  2.1
Evocations     | 1 2 |  2.1
Conjurations   | 1 |  1.6
Hexes          | 1 |  1.6
Summonings     | 1 |  1.6
Necromancy     | 1 |  1.6
Translocations | 1 |  1.6
Fire Magic     | 1 |  1.6
Ice Magic      | 1 |  1.6
Air Magic      | 1 |  1.6
Poison Magic   | 1 |  1.6
Dodging        | 5 |  5.0
Stealth        | |  4.7
Earth Magic    | |  5.7

Action                     |  1- 3 |  4- 6 || total
---------------------------+-------+-------++-------
  Melee: Short sword       |       |     3 ||     3
   Cast: Sandblast         |    52 |    70 ||   122
         Stone Arrow       |       |     6 ||     6
 Armour: Robe              |     2 |     3 ||     5
  Dodge: Dodged            |    14 |    17 ||    31

Table legend: (Time is in decaauts)
 A = Elapsed time spent in this place.
 B = Non-inter-level travel time spent in this place.
 C = Inter-level travel time spent in this place.
 D = Time resting spent in this place.
 E = Time spent auto-exploring this place.
 F = Levels seen in this place.
 G = Mean time per level.
                   A        B        C        D        E       F      G
               +--------+--------+--------+--------+--------+-----+--------+
         Total |   3834 |   3601 |    233 |    993 |   2112 |   4 |  958.5 |
       Dungeon |   3834 |   3601 |    233 |    993 |   2112 |   4 |  958.5 |
               +--------+--------+--------+--------+--------+-----+--------+

Top non-repeatable levels by time:
     D:1: 1310 daAuts
     D:3: 1079 daAuts
     D:2: 756 daAuts
     D:4: 688 daAuts
